 Dungeon Crawl Stone Soup version 0.24-a0-584-g9d6b971ae4 (webtiles) character file.

Game seed: 5827460695343245203, levelgen mode: deterministic

9902 Gaball the Spear-Bearer (level 11, -2/86 HPs)
             Began as a Formicid Fighter on Sept 4, 2019.
             Was a High Priest of Okawaru.
             Slain by a spatial maelstrom (3 damage)
             ... on level 2 of the Abyss on Sept 5, 2019.
             The game lasted 00:31:41 (13952 turns).

Gaball the Spear-Bearer (Formicid Fighter)         Turns: 13952, Time: 00:31:42

Health: -2/86      AC: 16    Str: 26    XL:     11   Next: 83%
Magic:  11/11      EV: 15    Int:  7    God:    Okawaru [*****.]
Gold:   460        SH: 13    Dex: 19    Spells: 10/10 levels left

rFire    + + +     SeeInvis +   a - +0 trident
rCold    + + +     Gourm    .   c - +0 shield
rNeg     . . .     Faith    .   K - +1 ring mail {rF+}
rPois    +         Spirit   .   (helmet unavailable)
rElec    +         Reflect  .   i - scarf {rC+ rF+}
rCorr    +         Harm     .   D - +2 pair of gloves {Dex+3}
MR       +....     Clarity  +   L - +2 pair of boots {Fly}
Stlth    ++........             A - amulet of magic regeneration
HPRegen  0.24/turn              H - ring of resist corrosion
MPRegen  0.37/turn              G - ring of protection from cold

@: agile, resistant, flying
A: permanent stasis, dig shafts and tunnels, four strong arms, antennae 3, icy
blue scales 1, clarity, sense surroundings 1, strong 1
a: Dig, Shaft Self, Heroism, Finesse, Renounce Religion, Stop Flying


You were on level 2 of the Abyss.
You worshipped Okawaru.
Okawaru was extremely pleased with you.
You were not hungry.

You visited 1 branch of the dungeon, and saw 11 of its levels.
You visited the Abyss 1 time.
You also visited: Ossuary.

You collected 600 gold pieces.
You spent 140 gold pieces at shops.

Inventory:

Hand Weapons
 a - a +0 trident (weapon)
 U - the +8 hand crossbow of Equilibrium {elec, Str+2 Stlth+, unknown}
   (You found it on level 2 of the Abyss)

   It charges the ammunition it shoots with electricity; occasionally upon a
   hit, such missiles may discharge and cause terrible harm.
   It affects your strength (+2).
   It makes you more stealthy.
Missiles
 j - 7 boomerangs (quivered)
 M - 4 boomerangs of dispersal
Armour
 b - a +0 scale mail
 c - a +0 shield (worn)
 h - a +0 cloak
 i - a scarf of resistance (worn)
 w - a +0 ring mail of cold resistance
 D - a +2 pair of gloves of dexterity (worn)
 J - a +0 pair of boots
 K - a +1 ring mail of fire resistance (worn)
 L - a +2 pair of boots of flying (worn)
 V - the +1 pair of gloves of Estruiv {MR+, unknown}
   (You found it on level 2 of the Abyss)

   It affects your resistance to hostile enchantments.
Jewellery
 r - an uncursed ring of stealth
 A - an amulet of magic regeneration (around neck)
 G - a ring of protection from cold (right hand)
 H - a ring of resist corrosion (left hand)
 N - an uncursed ring of ice
 P - a +5 ring of intelligence
 T - a +3 ring of intelligence
Wands
 E - a wand of polymorph (1)
 O - a wand of iceblast (3)
Scrolls
 d - 2 scrolls of enchant armour
 g - a scroll of holy word {unknown}
 k - a scroll of immolation
 l - 7 scrolls of remove curse
 m - 8 scrolls of teleportation
 o - a scroll of amnesia
 s - a scroll of fear
 t - 2 scrolls of blinking
 v - 4 scrolls of enchant weapon
 x - 3 scrolls of random uselessness
 y - 2 scrolls of magic mapping
 F - a scroll of fog
 I - a scroll of torment {unknown}
 S - a scroll of identify
Potions
 p - 4 potions of brilliance
 q - 2 potions of haste
Comestibles
 f - 14 rations


   Skills:
 + Level 8.0 Fighting
 * Level 12.2 Polearms
 + Level 8.2 Armour
 + Level 10.9 Shields


You had 10 spell levels left.
You didn't know any spells.
Your spell library contained the following spells:

 Spells                   Type           Power        Failure   Level  Hunger
 Animate Skeleton         Necr           N/A          54%         1    ##.....
 Freeze                   Ice            #...         54%         1    ##.....
 Pain                     Necr           #...         54%         1    ##.....
 Sandblast                Erth           #.....       54%         1    ##.....
 Passwall                 Tmut/Erth      #.......     69%         2    ###....
 Throw Frost              Conj/Ice       #.....       69%         2    ###....
 Ozocubu's Armour         Chrm/Ice       #.......     89%         3    ####...
 Regeneration             Chrm/Necr      #.........   89%         3    ####...
 Stone Arrow              Conj/Erth      #.....       89%         3    ####...
 Vampiric Draining        Necr           #.........   89%         3    ####...
 Animate Dead             Necr           N/A          100%        4    #####..
 Petrify                  Tmut/Erth      #.......     100%        4    #####..
 Summon Ice Beast         Ice/Summ       #.......     100%        4    #####..
 Throw Icicle             Conj/Ice       #.......     100%        4    #####..
 Lee's Rapid Deconstruct  Erth           #.........   100%        5    ######.


Dungeon Overview and Level Annotations

Branches:
Dungeon (11/15)            Temple (0/1) D:4            Lair (0/6) D:8
Ossuary (visited)
    Orc: D:9-12

Altars:
Ashenzari
Dithmenos
Fedhas
Kikubaaqudgha
Makhleb
Okawaru
Qazlal
Ru
Uskayaw
Wu Jian
Yredelemnul

Shops:
D:6 }   D:7 !

Annotations:
D:11 Erolcha


Innate Abilities, Weirdness & Mutations

You cannot be hasted, slowed, berserked, paralysed or teleported.
You can dig through walls and to a lower floor.
Your four strong arms can wield two-handed weapons with a shield.
You have a pair of large antennae on your head. (SInv)
You are partially covered in icy blue scales. (AC +2)
You possess an exceptional clarity of mind.
You passively map a small area around you.
Your muscles are strong. (Str +2)


Message History

The spatial maelstrom hits you but does no damage.
You hit the large abomination but do no damage.
The large abomination is lightly damaged.
You feel less wooden.
Your scarf of resistance unmelds from your body.
Your +2 pair of gloves of dexterity unmelds from your body.
Your +2 pair of boots of flying unmelds from your body.
Your +1 ring mail of fire resistance unmelds from your body.
You feel resistant to extremes of temperature.
You feel agile.
You fly up into the air.
You feel resistant to fire.
The spatial maelstrom hits you but does no damage.
You block the spatial maelstrom's attack.
The large abomination hits you!!
* * * LOW HITPOINT WARNING * * *
You block the spatial maelstrom's attack.
The spatial maelstrom hits you.
* * * LOW HITPOINT WARNING * * *
Space bends around you.
You die...

..... #....# # ##
.....###....# v .
...#........##. .
.........#.... .#
. ............##
... ............#
.
............#####
. .
......Xv.....?#
...
...#####@...#..#
.. .#....#..# .
..#....# .
..#.....# . #
##########.# # .#
#


You could see a spatial maelstrom and a large abomination.

Vanquished Creatures
  A two-headed ogre (D:9)
  A manticore (D:11)
  3 centaur skeletons
  A rime drake (D:9)
  An ancient zyme (Abyss:2)
  A hornet (D:11)
  A jumping spider (D:8)
  3 hippogriffs
  A spriggan (D:7)
  3 hogs (D:9)
  A yak (D:9)
  A human (D:9)
  A steam dragon (D:11)
  A water moccasin (D:9)
  2 small abominations (Abyss:2)
  2 orc warriors
  3 ice beasts
  5 sky beasts
  4 phantoms
  4 black bears
  6 ogres
  3 wolves (D:8)
  6 centaurs
  A crocodile (D:9)
  A big kobold (D:10)
  5 bullfrogs
  A gnoll sergeant (D:10)
  A wyvern skeleton (D:11)
  A scorpion (D:9)
  8 killer bees
  3 electric eels (D:8)
  A howler monkey (D:9)
  6 wights
  A crimson imp (D:8)
  2 bullfrog zombies
  2 centaur zombies
  2 human zombies (Ossuary)
  A gnoll shaman (D:8)
  11 hounds
  4 orc priests
  2 jellies (D:9)
  5 orc wizards
  A bullfrog skeleton (D:10)
  2 iguanas
  Natasha (D:3)
  8 worker ants
  2 big kobold zombies (Ossuary)
  3 hound zombies
  5 mummies
  A hound skeleton (D:8)
  A worker ant zombie (D:11)
  Robin (D:2)
  14 gnolls
  A howler monkey skeleton (D:7)
  10 adders
  3 shadow imps
  An adder zombie (Ossuary)
  2 adder skeletons
  A worm (D:2)
  4 dart slugs
  4 leopard geckos
  24 orcs
  4 giant cockroaches
  8 goblins
  4 hobgoblins
  6 jackals
  9 kobolds
  3 quokkas
  A ball python skeleton (D:4)
  5 bats
  4 frilled lizards
  2 gnoll zombies (Ossuary)
  3 goblin zombies
  2 jackal zombies (Ossuary)
  A kobold zombie (D:6)
  A leopard gecko skeleton (D:4)
  9 rats
264 creatures vanquished.

Vanquished Creatures (collateral kills)
  A wight (D:9)
  An orc wizard (D:9)
  A gnoll (D:10)
  5 orcs
8 creatures vanquished.

Vanquished Creatures (others)
  A hellion (Abyss:2)
  A raiju (Abyss:2)
  3 slaves (D:8)
  A wight (D:9)
  A gnoll (D:10)
  A white imp (Abyss:2)
8 creatures vanquished.

Grand Total: 280 creatures vanquished

Notes
Turn   | Place    | Note
-------+----------+-------------------------------------------
     0 | D:1      | Gaball the Formicid Fighter began the quest for the Orb.
     0 | D:1      | Reached XP level 1. HP: 18/18 MP: 1/1
   126 | D:1      | Reached XP level 2. HP: 24/24 MP: 2/2
   304 | D:1      | Reached XP level 3. HP: 29/29 MP: 3/3
   392 | D:1      | Reached skill level 3 in Polearms
   750 | D:2      | Reached XP level 4. HP: 23/35 MP: 4/4
   883 | D:2      | Noticed Robin
   895 | D:2      | Killed Robin
  1079 | D:2      | Reached skill level 4 in Polearms
  1231 | D:2      | Reached XP level 5. HP: 41/41 MP: 5/5
  1283 | D:2      | You fall into a shaft and drop 2 floors!
  1432 | D:2      | Found a faded altar of an unknown god.
  1547 | D:2      | Became a worshipper of Warmaster Okawaru
  1547 | D:2      | Reached * piety under Okawaru
  1718 | D:3      | Found a basalt altar of Yredelemnul.
  2011 | D:3      | Noticed a +0 hand axe
  2013 | D:3      | Noticed a +0 hand axe
  2016 | D:3      | Found a hide-covered altar of Uskayaw.
  2065 | D:3      | Found a sacrificial altar of Ru.
  2208 | D:3      | Reached skill level 5 in Shields
  2409 | D:3      | Reached XP level 6. HP: 47/47 MP: 6/6
  2417 | D:3      | Reached skill level 5 in Polearms
  2512 | D:4      | Found a staircase to the Ecumenical Temple.
  2775 | D:4      | Noticed Natasha
  2786 | D:3      | Killed Natasha
  3067 | D:4      | Found a shattered altar of Ashenzari.
  3271 | D:4      | Reached ** piety under Okawaru
  3271 | D:4      | Reached XP level 7. HP: 20/52 MP: 7/7
  3490 | D:5      | Entered Level 5 of the Dungeon
  3572 | D:5      | Reached skill level 6 in Polearms
  3919 | D:5      | Reached skill level 7 in Polearms
  3919 | D:5      | Reached XP level 8. HP: 47/58 MP: 8/8
  4204 | D:5      | Found a shadowy altar of Dithmenos.
  4816 | D:5      | Found an ornate altar of the Wu Jian Council.
  5217 | D:6      | Found a sand-covered staircase.
  5229 | Ossuary  | Entered an ossuary
  5546 | Ossuary  | Reached skill level 8 in Polearms
  6106 | D:6      | Found Qaucugaj's Gadget Emporium.
  6469 | D:6      | Reached *** piety under Okawaru
  6938 | D:6      | Reached XP level 9. HP: 65/65 MP: 9/9
  7221 | D:7      | Reached skill level 9 in Polearms
  7617 | D:7      | Reached **** piety under Okawaru
  7617 | D:7      | Reached skill level 5 in Fighting
  7617 | D:7      | Reached skill level 5 in Armour
  7655 | D:7      | Found an ancient bone altar of Kikubaaqudgha.
  7840 | D:7      | Found Plog's Distillery.
  7841 | D:7      | Found a blossoming altar of Fedhas.
  7843 | D:7      | Bought a potion of degeneration for 14 gold pieces
  7843 | D:7      | Bought a potion of heal wounds for 70 gold pieces
  7843 | D:7      | Bought a potion of agility for 56 gold pieces
  7864 | D:7      | Received a gift from Okawaru
  8377 | D:8      | Noticed a troll
  8549 | D:8      | Noticed Pikel
  8563 | D:7      | Noticed Pikel
  8563 | D:7      | Pikel changed into Pikel the spriggan
  8568 | D:7      | Killed Pikel the spriggan
  8568 | D:7      | Reached XP level 10. HP: 74/74 MP: 10/10
  8590 | D:8      | Found a stormy altar of Qazlal.
  8590 | D:8      | Found a burning altar of Makhleb.
  8817 | D:8      | Reached skill level 10 in Polearms
  9671 | D:8      | Found a staircase to the Lair.
 11057 | D:9      | Noticed a harpy
 11057 | D:9      | a troll changed into a harpy
 11060 | D:9      | Noticed a rime drake
 11060 | D:9      | a harpy changed into a rime drake
 11069 | D:9      | Killed a rime drake
 11167 | D:9      | Reached ***** piety under Okawaru
 11167 | D:9      | Reached skill level 11 in Polearms
 11188 | D:9      | Received a gift from Okawaru
 11211 | D:9      | Reached skill level 10 in Shields
 11211 | D:9      | Reached XP level 11. HP: 57/83 MP: 11/11
 11471 | D:9      | Noticed a two-headed ogre
 11484 | D:9      | Killed a two-headed ogre
 12222 | D:10     | Entered Level 10 of the Dungeon
 12803 | D:10     | Reached skill level 12 in Polearms
 13308 | D:11     | Noticed a manticore
 13336 | D:11     | Killed a manticore
 13722 | D:11     | Noticed Erolcha
 13728 | D:11     | Cast into level 2 of the Abyss (Erolcha)
 13734 | Abyss:2  | Noticed a starcursed mass
 13737 | Abyss:2  | Got a sapphire hand crossbow
 13747 | Abyss:2  | Found a corrupted altar of Lugonu.
 13813 | Abyss:2  | Noticed a large abomination
 13819 | Abyss:2  | Got a pair of smoking gloves
 13854 | Abyss:2  | Noticed a starcursed mass
 13860 | Abyss:2  | Noticed a spatial maelstrom
 13902 | Abyss:2  | Gained mutation: You possess an exceptional clarity of
                  | mind. [potion of mutation]
 13902 | Abyss:2  | Gained mutation: You passively map a small area around you.
                  | [potion of mutation]
 13902 | Abyss:2  | Gained mutation: Your muscles are strong. (Str +2) [potion
                  | of mutation]
 13902 | Abyss:2  | Gained mutation: You are partially covered in icy blue
                  | scales. (AC +2) [potion of mutation]
 13926 | Abyss:2  | HP: 3/129 [ancient zyme (5)]
 13937 | Abyss:2  | HP: 6/129 [spatial maelstrom (3)]
 13951 | Abyss:2  | HP: 2/86 [large abomination (20)]
 13952 | Abyss:2  | Slain by a spatial maelstrom

Levels and vault maps discovered:
D:1:      erik_arrival_triangle_huge, layout_loops_ring
D:2:      layout_loops_ring, chequers_ecumenical_altar_grove, uniq_robin
D:3:      layout_loops_ring, nicolae_ru_path_of_blood, dancing_weapons_uskayaw,
          lemuel_round_altar
D:4:      layout_cave_pools, minmay_temple_entry_statues_fountains,
          ashenzari_altar_1, uniq_natasha
D:5:      layout_layer_cave, nicolae_overflow_hidden_temple,
          kennysheep_little_box, first_ration
D:6:      layout_loops_corners, serial_shops, shop, nicolae_ossuary_entry_giza
D:7:      layout_basic, fedhas_bush_and_centaur_altar,
          nicolae_overflow_crystal_walls, serial_shops, shop
D:8:      layout_gridville, minitemple, erik_lair_island, uniq_pikel
D:9:      minmay_clustersquares, layout_cross, grunt_livestock
D:10:     layout_rooms, serial_glass, glass_columns_c, glass_columns_c,
          due_unseen_surprise, minmay_strange_pillars
D:11:     layout_layer_cave, gauntlet_entry_generic, uniq_erolcha
Abyss:2

Skill      XL: |  1  2  3  4  5  6  7  8  9 10 11 |
---------------+----------------------------------+-----
Shields        | 4 5 6 7 8 10 | 10.9
Polearms       | 3 4 5 7 8 9 11 12 | 12.2
Fighting       | 5 6 8 |  8.0
Armour         | 5 6 8 |  8.2

Action                   |  1- 3 |  4- 6 |  7- 9 | 10-12 || total
-------------------------+-------+-------+-------+-------++-------
Melee: Trident           |   102 |   175 |   487 |   700 ||  1464
Throw: Boomerang         |       |       |     8 |    22 ||    30
Invok: Heroism           |       |     2 |     4 |     2 ||     8
Evoke: Wand              |       |       |     4 |    34 ||    38
  Use: Potion            |       |     2 |     2 |    22 ||    26
       Scroll            |       |       |    10 |     5 ||    15
 Stab: Sleeping          |       |       |     4 |     2 ||     6
       Distracted        |       |       |       |     2 ||     2
       Invisible         |       |       |       |     2 ||     2
  Eat: Chunk             |       |     7 |     8 |    12 ||    27
       Ration            |       |       |     3 |     2 ||     5
Armor: Scale mail        |    51 |    33 |    36 |       ||   120
       Ring mail         |       |       |    84 |   174 ||   258
       Skin              |       |       |       |    68 ||    68
Dodge: Dodged            |    36 |    42 |   148 |   221 ||   447
Block: Shield            |    75 |    51 |   228 |   438 ||   792

Table legend:
 A = Non-vault XP
 B = Vault XP
 C = Vault XP percentage of total XP
 D = Non-vault monster count
 E = Vault monster count
 F = Vault count percentage of total count
                 A         B        C        D         E       F
            +---------+---------+-------+---------+---------+-------
      Total |   10978 |    3168 |  22.4 |     220 |      52 |  19.1
            +---------+---------+-------+---------+---------+-------
        D:1 |      40 |       0 |   0.0 |      20 |       0 |   0.0
        D:2 |      77 |      26 |  25.2 |      23 |       7 |  23.3
        D:3 |     266 |      36 |  11.9 |      15 |       1 |   6.2
        D:4 |     109 |       0 |   0.0 |      12 |       0 |   0.0
        D:5 |     735 |       0 |   0.0 |      26 |       0 |   0.0
        D:6 |     487 |      23 |   4.5 |       7 |       3 |  30.0
        D:7 |    1563 |     325 |  17.2 |      22 |       2 |   8.3
        D:8 |     999 |     839 |  45.6 |      17 |       9 |  34.6
        D:9 |    3067 |    1669 |  35.2 |      29 |      14 |  32.6
       D:10 |    1671 |       0 |   0.0 |      34 |       0 |   0.0
       D:11 |    1402 |       0 |   0.0 |      12 |       0 |   0.0
    Abyss:2 |     562 |       0 |   0.0 |       3 |       0 |   0.0
    Ossuary |       0 |     250 | 100.0 |       0 |      16 | 100.0
            +---------+---------+-------+---------+---------+-------
